 Dungeon Crawl Stone Soup version 0.31-a0-1002-g8e65716e6e (webtiles) character file.

Game seed: 8324401454854725199

222 BinkBink the Trooper (level 5, -1/47 HPs)
             Began as a Draconian Fighter on Nov 10, 2023.
             Slain by Edmund
             ... wielding a +2 antimagic dire flail
              (13 damage)
             ... on level 4 of the Dungeon.
             The game lasted 00:03:17 (2471 turns).

BinkBink the Trooper (Draconian Fighter)            Turns: 2471, Time: 00:03:18

Health: -1/47      AC:  5    Str: 18    XL:     5   Next: 66%
Magic:  1/5        EV: 13    Int:  8    God:
Gold:   107        SH:  5    Dex: 19    Spells: 4/4 levels left

rFire   . . .        h - +2 mace (venom)
rCold   . . .        b - +0 buckler
rNeg    + . .        (body armour unavailable)
rPois   .            (helmet restricted)
rElec   .            (no cloak)
rCorr   .            (no gloves)
SInv    .            (no boots)
Will    .....        (no amulet)
Stlth   ++           m - +6 ring of dexterity
HPRegen 0.27/turn    v - ring of positive energy
MPRegen 0.09/turn

%: no passive effects
@: mighty
A: AC +5, unfitting armour, cold-blooded
a: no special abilities


You were on level 4 of the Dungeon.
You visited 1 branch of the dungeon, and saw 4 of its levels.

You collected 107 gold pieces.

Inventory:

Hand Weapons
 a - a +0 war axe
 h - a +2 mace of venom (weapon)
 u - a +0 flail
Armour
 b - a +0 buckler (worn)
Jewellery
 f - a ring of fire
 m - a +6 ring of dexterity (left hand)
 v - a ring of positive energy (right hand)
Scrolls
 d - 4 scrolls of teleportation {unknown}
 g - 3 scrolls of identify {unknown}
 k - 2 scrolls of vulnerability {unknown}
 l - 2 scrolls of enchant weapon {unknown}
 n - a scroll of immolation {unknown}
 p - a scroll of amnesia {unknown}
 r - a scroll of fog {unknown}
 s - a scroll of silence {unknown}
 t - a scroll of blinking {unknown}
Potions
 e - 2 potions of brilliance {unknown}
 i - a potion of cancellation {unknown}
 j - 2 potions of attraction {unknown}
 o - 3 potions of curing {unknown}
 q - 2 potions of resistance {unknown}


   Skills:
 + Level 4.3 Fighting
 - Level 2.2(3.0) Axes
 * Level 3.1(3.5) Maces & Flails
 + Level 3.5 Dodging
 + Level 3.9 Shields


You had 4 spell levels left.
You didn't know any spells.
Your spell library contained the following spells:

 Spells                   Type           Power      Damage    Failure   Level
 Magic Dart               Conj           0%         1d3       50%         1
 Call Imp                 Summ           0%         N/A       63%         2
 Frozen Ramparts          Ice            0%         1d1       86%         3
 Mephitic Cloud           Conj/Pois/Air  0%         N/A       86%         3
 Petrify                  Tmut/Erth      0%         N/A       99%         4
 Metabolic Englaciation   Hex/Ice        0%         N/A       100%        5


Dungeon Overview and Level Annotations

Branches:
Dungeon (4/15)
 Temple: D:4-7

Altars:

Shops:
D:1 (

Annotations:
D:4 Edmund


Innate Abilities, Weirdness & Mutations

Your plain brown scales are hard. (AC +5)
You cannot fit into any form of body armour.
You are cold-blooded and may be slowed by cold attacks.


Message History

* * * LOW HITPOINT WARNING * * *
You hit the orc priest.
You kill the orc priest!
The orc hits you with a +0 short sword.
* * * LOW HITPOINT WARNING * * *
The hobgoblin hits you.
* * * LOW HITPOINT WARNING * * *
The orc closely misses you.
Your Maces & Flails skill increases to level 3!
You completely miss the orc.
Your tail-slap misses the orc.
The hobgoblin misses you. The orc hits you but does no damage.
You sock the orc!
You kill the orc!
You hear the slow rusting of a very distant drain.
The hobgoblin hits you.
* * * LOW HITPOINT WARNING * * *
You hit the hobgoblin.
You kill the hobgoblin!
Items here: ( ))) [ ††††.
k - 2 scrolls labelled FUEH DOGRUAMEHYKH (gained 1)
Found a stone staircase leading down.
Edmund the Younger comes into view.
He is wielding a +2 antimagic dire flail and wearing a +0 ring mail of positive energy.
Found a battleaxe.
Items here: ( ))) [ ††††.
Things that are here:
a +0 short sword; an orc corpse A phantom comes into view.
You feel very mighty all of a sudden.
You sock Edmund!
Edmund is poisoned.
Edmund is lightly wounded.
Edmund hits you with a +2 antimagic dire flail.
Edmund hits you with a +2 antimagic dire flail!
* * * LOW HITPOINT WARNING * * *
You feel your power leaking away.
You hit Edmund. You tail-slap Edmund!
Edmund is heavily wounded.
You hear the slow rusting of a very distant drain.
Edmund hits you with a +2 antimagic dire flail!
You die...
Edmund says, "I'd like to see a scythe do that!"

#.# .# #.# #.# .# #.#
###.####.# #.#
.........#### #.#
............# #.#
######)###.## #W# #.)##
#.# ##..# #.# ##@## #@#
#..# #@# ##.### #.#
#..@####.# ###...##.#
.. ###.##.# ... #..#.#
..###
##...#########...#...
#####..#...........#...


You could see Edmund (very poisoned) and a phantom.

Vanquished Creatures
  2 orc priests
  A hound (D:4)
  A gnoll (D:1)
  4 adders
  2 dart slugs
  2 worms (D:2)
  8 orcs
  5 endoplasms
  4 giant cockroaches
  7 goblins
  5 hobgoblins
  5 quokkas
  4 ball pythons
  2 bats (D:1)
  A frilled lizard (D:3)
  11 kobolds
  6 rats
70 creatures vanquished.

Notes
Turn   | Place    | Note
-------+----------+-------------------------------------------
     0 | D:1      | BinkBink the Draconian Fighter began the quest for the Orb.
     0 | D:1      | Reached XP level 1. HP: 19/19 MP: 1/1
   198 | D:1      | Found Fuyziug's Weapon Emporium.
   260 | D:1      | Reached XP level 2. HP: 20/26 MP: 2/2
   642 | D:1      | Reached skill level 1 in Maces & Flails
   647 | D:1      | Reached XP level 3. HP: 23/31 MP: 3/3
   790 | D:2      | Found Nerol's Antique Weapon Boutique.
  1633 | D:3      | Reached XP level 4. HP: 40/40 MP: 4/4
  2002 | D:3      | Reached skill level 4 in Fighting
  2107 | D:3      | Reached XP level 5. HP: 45/46 MP: 5/5
  2290 | D:4      | Identified the +0 cloak of the Ten Allies {-Tele Harm
                  | Rampage}
  2435 | D:4      | Noticed Edmund
  2466 | D:4      | Noticed a phantom
  2471 | D:4      | Slain by Edmund

Illustrated notes

Levels and vault maps discovered:
D:1:      kennysheep_arrival_forest, layout_basic, serial_shops, shop,
          minmay_octomino_j4
D:2:      layout_basic, serial_shops, nicolae_shop_hallway_stairs, st_stairs_14,
          hangedman_abyss_or_decor_stabs, minivault_4
D:3:      layout_basic
D:4:      layout_basic, cheibrodos_sewer_entry_bend, uniq_edmund

Skill      XL: |  1  2  3  4  5 |
---------------+----------------+-----
Maces & Flails | 1 2 3 |  3.1
Dodging        | 3 |  3.5
Fighting       | 4 |  4.3
Axes           | |  2.2
Shields        | |  3.9

Action                     |  1- 3 |  4- 6 || total
---------------------------+-------+-------++-------
  Melee: War axe           |    18 |       ||    18
         Mace              |    71 |    76 ||   147
         Tailslap          |     8 |    14 ||    22
    Use: Potion            |       |     1 ||     1
   Stab: Sleeping          |     2 |       ||     2
         Distracted        |     1 |       ||     1
 Armour: Skin              |    33 |    44 ||    77
  Dodge: Dodged            |    50 |    37 ||    87
  Block: Buckler           |    26 |    17 ||    43

Table legend: (Time is in decaauts)
 A = Elapsed time spent in this place.
 B = Non-inter-level travel time spent in this place.
 C = Inter-level travel time spent in this place.
 D = Time resting spent in this place.
 E = Time spent auto-exploring this place.
 F = Levels seen in this place.
 G = Mean time per level.
                   A        B        C        D        E       F      G
               +--------+--------+--------+--------+--------+-----+--------+
         Total |   2526 |   2453 |     73 |      0 |   1919 |   4 |  631.5 |
       Dungeon |   2526 |   2453 |     73 |      0 |   1919 |   4 |  631.5 |
               +--------+--------+--------+--------+--------+-----+--------+

Top non-repeatable levels by time:
     D:3: 841 daAuts
     D:1: 811 daAuts
     D:2: 671 daAuts
     D:4: 201 daAuts
